[Event "Titled Tuesday Blitz August 22 Late 2023"]
[White "Melikhov, Evgeny V."]
[Black "arenal72"]
[WhiteFideId "4122046"]
[WhiteElo "2392"]
[BlackElo "2516"]
[Result "0-1"]
[Round "10"]
[TimeControl "180+1"]
[Date "2023.08.22"]
[WhiteClock "0:00:11"]
[BlackClock "0:00:15"]
[Board "81"]

1. d4 d6 2. e4 Nf6 3. Bd3 g6 4. c4 Bg7 5. Nc3 O-O 6. f3 e5 7. d5 c6 8. Be3 cxd5 9. cxd5 Qa5 10. Ne2 a6 11. O-O Nh5 12. a3 f5 13. b4 Qd8 14. exf5 gxf5 15. Rc1 Nd7 16. f4 e4 17. Bb1 Ndf6 18. Bd4 Bd7 19. Qb3 Rc8 20. a4 Qe8 21. b5 axb5 22. Nxb5 Rxc1 23. Rxc1 Bxb5 24. Qxb5 Qxb5 25. axb5 h6 26. Rc7 Rf7 27. b6 Kf8 28. Ba2 Ne8 29. Bxg7+ Nhxg7 30. Rc8 Nh5 31. g3 Nf6 32. Nd4 Nd7 33. Ne6+ Ke7 34. Nd8 Rf8 35. Nxb7 Nxb6 36. Bb3 Nxc8 37. Na5 Nf6 38. Nc6+ Kf7 39. Kf2 Ne7 40. h3 Nxc6 41. dxc6+ Ke7 42. g4 fxg4 43. hxg4 Nxg4+ 44. Kg3 Nf6 45. f5 Rc8 46. Ba4 d5 47. Kf4 Kd6 48. Ke3 Ke5 0-1


[Site "https://www.chess.com"]

[Event "Titled Tuesday Blitz August 22 Late 2023"]
[White "Labussiere, Yago"]
[Black "Toropov, Pavel"]
[WhiteFideId "2186969"]
[BlackFideId "24129178"]
[WhiteElo "2371"]
[BlackElo "2470"]
[Result "0-1"]
[Round "10"]
[TimeControl "180+1"]
[Date "2023.08.22"]
[WhiteClock "0:00:02"]
[BlackClock "0:00:35"]
[Board "83"]

1. c4 c6 2. d4 d5 3. cxd5 cxd5 4. Nc3 Nf6 5. Bf4 a6 6. e3 Nc6 7. Bd3 Bg4 8. Nge2 Rc8 9. h3 Bxe2 10. Qxe2 e6 11. O-O Bd6 12. Bxd6 Qxd6 13. f4 O-O 14. g4 Nd7 15. g5 b5 16. Qg2 Na5 17. a3 Nc4 18. Qe2 Rc7 19. Nd1 Rfc8 20. Nf2 f5 21. gxf6 Nxf6 22. Ng4 Nxg4 23. hxg4 g5 24. fxg5 Qg3+ 25. Kh1 Qh3+ 26. Qh2 Qxh2+ 27. Kxh2 Nxe3 28. Rf4 Rc1 29. Rxc1 Rxc1 30. Kg3 Rd1 31. Be2 Rd2 32. Kf3 Nc4 33. Bxc4 dxc4 34. Rf6 Rxb2 35. Rxe6 Ra2 36. Rxa6 b4 37. Rc6 Rxa3+ 38. Ke4 c3 39. d5 Kf7 40. Rc7+ Ke8 41. Rxh7 c2 42. Rc7 Rc3 43. Rh7 c1=Q 44. Rh8+ Kd7 0-1


[Site "https://www.chess.com"]

[Event "Titled Tuesday Blitz August 22 Late 2023"]
[White "Ardila, Oscar Humberto"]
[Black "Seletsky, Grigory"]
[WhiteFideId "4404742"]
[BlackFideId "14112191"]
[WhiteElo "2330"]
[BlackElo "2468"]
[Result "0-1"]
[Round "10"]
[TimeControl "180+1"]
[Date "2023.08.22"]
[WhiteClock "0:00:04"]
[BlackClock "0:00:11"]
[Board "84"]

1. d4 c5 2. d5 e5 3. c4 d6 4. Nc3 Nf6 5. e4 Be7 6. g3 O-O 7. Bg2 Na6 8. Nge2 Nc7 9. O-O a6 10. a4 Rb8 11. Be3 b5 12. axb5 axb5 13. cxb5 Nxb5 14. Nxb5 Rxb5 15. Qc2 Qb6 16. Rfb1 Bd7 17. Nc3 Rb3 18. h3 Rb8 19. Bc1 h6 20. Bf1 Nh7 21. Bc4 Rb4 22. Bf1 Bg5 23. Ra6 Qc7 24. h4 Bxc1 25. Qxc1 Nf6 26. Qc2 R4b6 27. Rxb6 Qxb6 28. b3 Qb4 29. Bc4 Ne8 30. Ra1 h5 31. Ra7 Rb7 32. Ra8 g6 33. Kg2 Kg7 34. Qd3 Nc7 35. Ra1 Nb5 36. Nxb5 Bxb5 37. Rc1 Bxc4 38. bxc4 Qb2 39. Rc2 Qd4 40. Qe2 Rb4 41. Kh2 Kh6 42. Kg2 f5 43. exf5 gxf5 44. Qe3+ Qxe3 45. fxe3 e4 46. Kf2 Kg6 47. Ke2 Kf6 48. Kd2 Rb1 49. Rc1 Rb8 50. Rc2 Rg8 51. Ra2 Rxg3 52. Ra8 Rg2+ 53. Ke1 Rc2 54. Rf8+ Ke7 55. Rxf5 Rxc4 56. Rxh5 Rc2 57. Rh7+ Kf6 58. Rd7 Ke5 59. h5 Kxd5 60. h6 Rh2 61. h7 Kc6 62. Rg7 d5 63. Kd1 Kb5 64. Rg5 Kc4 65. Rg7 d4 66. exd4 cxd4 67. Ke1 Kd3 68. Kf1 e3 69. Kg1 Rh6 70. Kf1 Kd2 71. Rg2+ Kd1 72. Ra2 Rxh7 73. Ra1+ Kd2 74. Ra2+ Kd3 75. Ra3+ Ke4 76. Ke2 Rh2+ 77. Ke1 d3 78. Ra4+ Kf3 79. Rh4 Rxh4 0-1


[Site "https://www.chess.com"]

[Event "Titled Tuesday Blitz August 22 Late 2023"]
[White "Gerbelli Neto, Eduardo"]
[Black "Buchenau, Frank"]
[WhiteFideId "2103281"]
[BlackFideId "4604350"]
[WhiteElo "2322"]
[BlackElo "2457"]
[Result "0-1"]
[Round "10"]
[TimeControl "180+1"]
[Date "2023.08.22"]
[WhiteClock "0:00:34"]
[BlackClock "0:01:43"]
[Board "85"]

1. e4 e6 2. d4 d5 3. Nc3 Nf6 4. e5 Nfd7 5. Nf3 c5 6. dxc5 Nc6 7. Bf4 Bxc5 8. Bd3 f6 9. exf6 Qxf6 10. Bg3 O-O 11. O-O Nd4 12. Nxd4 Bxd4 13. Qh5 g6 14. Qh6 Nc5 15. Rad1 Bd7 16. Nb5 Bxb5 17. Bxb5 Ne4 18. Bh4 g5 19. Qxf6 Bxf6 20. Bg3 Bxb2 21. Rb1 Bd4 22. Rb4 Bc5 23. Ra4 Nc3 24. Ra5 Bb6 0-1


[Site "https://www.chess.com"]

[Event "Titled Tuesday Blitz August 22 Late 2023"]
[White "Brahami, Lamine"]
[Black "Czerw, Dawid"]
[WhiteFideId "7905637"]
[BlackFideId "1145746"]
[WhiteElo "2307"]
[BlackElo "2452"]
[Result "0-1"]
[Round "10"]
[TimeControl "180+1"]
[Date "2023.08.22"]
[WhiteClock "0:01:49"]
[BlackClock "0:02:24"]
[Board "86"]

1. d4 Nf6 2. Nf3 g6 3. c4 Bg7 4. Nc3 O-O 5. Bg5 d6 6. Qd2 Nc6 7. Bh6 e5 8. Bxg7 Kxg7 9. dxe5 dxe5 10. Rd1 Qxd2+ 11. Rxd2 Be6 12. e3 a6 13. Be2 Rad8 14. Rxd8 Rxd8 15. a3 h6 16. O-O e4 17. Ne1 Rd2 18. f3 Rxb2 19. fxe4 Rb3 20. Nd5 Nxe4 21. Nxc7 Rxe3 22. Bf3 Nd2 23. Nxe6+ fxe6 24. Bxc6 bxc6 25. Nc2 Nxf1 26. Kxf1 Rc3 0-1


[Site "https://www.chess.com"]

[Event "Titled Tuesday Blitz August 22 Late 2023"]
[White "Blackburn, Jonathan L B"]
[Black "Cardozo Munar, Carlos Eduardo"]
[WhiteFideId "1801090"]
[BlackFideId "4409477"]
[WhiteElo "2449"]
[BlackElo "2298"]
[Result "1-0"]
[Round "10"]
[TimeControl "180+1"]
[Date "2023.08.22"]
[WhiteClock "0:00:14"]
[BlackClock "0:00:08"]
[Board "87"]

1. d4 d5 2. c4 e5 3. Nf3 e4 4. Nfd2 c6 5. e3 Nf6 6. Nc3 Bb4 7. Qb3 Bxc3 8. bxc3 O-O 9. a4 a6 10. Ba3 Re8 11. Be2 Nbd7 12. cxd5 cxd5 13. c4 Nf8 14. cxd5 Qxd5 15. Bc4 Qh5 16. Bd6 Be6 17. Qxb7 Rac8 18. Qxa6 Bxc4 19. Nxc4 Ne6 20. Bg3 Ng4 21. O-O Ng5 22. Ne5 Nf6 23. Qb5 Rb8 24. Qc5 Rbc8 25. Qd6 Rcd8 26. Qa3 Nf3+ 27. gxf3 exf3 28. e4 Rxe5 29. dxe5 Nxe4 30. Rad1 Re8 31. Qe7 f6 32. Rd8 Rxd8 33. Qxd8+ Kf7 34. e6+ Kxe6 35. Re1 f5 36. Qc8+ Kf6 37. Qc6+ Kf7 38. Qd5+ Kf6 39. Rxe4 Qh3 40. Re6+ Kf7 41. Rh6+ 1-0


[Site "https://www.chess.com"]

[Event "Titled Tuesday Blitz August 22 Late 2023"]
[White "tomobeast"]
[Black "Onthequiet"]
[WhiteElo "2236"]
[BlackElo "2434"]
[Result "1-0"]
[Round "10"]
[TimeControl "180+1"]
[Date "2023.08.22"]
[WhiteClock "0:01:00"]
[BlackClock "0:01:32"]
[Board "88"]

1. e4 c6 2. d4 d5 3. e5 Bf5 4. h4 h6 5. g4 Be4 6. f3 Bh7 7. e6 Qd6 8. exf7+ Kxf7 9. f4 Nf6 10. Bh3 Be4 11. Rh2 e6 12. Nf3 Nfd7 13. Nc3 Qb4 14. a3 Bxf3 15. Qxf3 Qxd4 16. Be3 Qf6 17. O-O-O Bc5 18. g5 Bxe3+ 19. Qxe3 Qe7 20. Re1 Re8 21. Rhe2 Nf8 22. f5 e5 23. Qxe5 Qxe5 24. Rxe5 Nbd7 25. g6+ Nxg6 26. fxg6+ Kxg6 27. Rxe8 1-0


[Site "https://www.chess.com"]

[Event "Titled Tuesday Blitz August 22 Late 2023"]
[White "Florianovitz, Derlei Alex"]
[Black "Dwilewicz, Katarzyna"]
[WhiteFideId "2114178"]
[BlackFideId "1148486"]
[WhiteElo "2233"]
[BlackElo "2432"]
[Result "0-1"]
[Round "10"]
[TimeControl "180+1"]
[Date "2023.08.22"]
[WhiteClock "0:00:02"]
[BlackClock "0:00:17"]
[Board "89"]

1. e4 c5 2. Nf3 d6 3. d4 cxd4 4. Nxd4 Nf6 5. Nc3 a6 6. h3 e5 7. Nde2 h5 8. g3 Be6 9. Bg2 Be7 10. O-O b5 11. Bg5 Nbd7 12. a3 Rc8 13. Qd2 Nb6 14. b3 Qc7 15. Rad1 Rd8 16. Kh2 Qc8 17. f4 exf4 18. gxf4 d5 19. e5 Ne4 20. Nxe4 dxe4 21. Qe3 Rxd1 22. Rxd1 Bxg5 23. Qxb6 Be7 24. Nd4 O-O 25. f5 Bxf5 26. Nc6 Bg5 27. Rg1 Kh7 28. Qc5 Bf4+ 29. Kh1 Bxh3 30. Bxe4+ Bf5 31. Qd5 Bxe4+ 32. Qxe4+ g6 33. Qxf4 Qxc6+ 34. Kh2 Qe6 35. Rf1 Kg7 36. Rf2 Re8 37. a4 bxa4 38. bxa4 Re7 39. c4 Qxe5 40. Qxe5+ Rxe5 41. Rc2 Rc5 42. Kg3 g5 43. Kf3 f5 44. Ke3 h4 45. Kd4 Rc8 46. c5 g4 47. Ke5 Kg6 48. Kd6 h3 49. Kd7 Rh8 50. c6 g3 51. c7 h2 52. Re2 h1=Q 53. Re6+ Kg5 54. Rd6 Qb7 55. a5 Qc8+ 56. Kc6 Rh7 0-1


[Site "https://www.chess.com"]

[Event "Titled Tuesday Blitz August 22 Late 2023"]
[White "Osmonbekov, Talaibek"]
[Black "Avila Rodriguez, Joshua Ad"]
[WhiteFideId "2017253"]
[BlackFideId "5126444"]
[WhiteElo "2220"]
[BlackElo "2430"]
[Result "1-0"]
[Round "10"]
[TimeControl "180+1"]
[Date "2023.08.22"]
[WhiteClock "0:00:34"]
[BlackClock "0:00:00"]
[Board "90"]

1. d4 Nf6 2. Nc3 d5 3. Bf4 c5 4. e3 cxd4 5. exd4 a6 6. Nf3 Nc6 7. Ne5 Bd7 8. Nxd7 Qxd7 9. Na4 e6 10. Nb6 Qd8 11. Nxa8 Qxa8 12. c3 Be7 13. Bd3 O-O 14. O-O Qc8 15. Re1 h6 16. a4 Qd7 17. b4 b6 18. Bxa6 Ne4 19. Qd3 g5 20. Be3 Bf6 21. Bb5 Rc8 22. a5 Qc7 23. a6 Na7 24. c4 Nd6 25. cxd5 Naxb5 26. dxe6 fxe6 27. Rec1 Nc4 28. a7 Nxa7 29. Qg6+ Bg7 30. Qxe6+ Kh8 31. Rxa7 Nxe3 32. Rcxc7 Rxc7 33. Rxc7 1-0


[Site "https://www.chess.com"]

[Event "Titled Tuesday Blitz August 22 Late 2023"]
[White "Novikova, Margarita"]
[Black "Albertini, Luca"]
[WhiteFideId "14109689"]
[BlackFideId "847038"]
[WhiteElo "2193"]
[BlackElo "2427"]
[Result "1-0"]
[Round "10"]
[TimeControl "180+1"]
[Date "2023.08.22"]
[WhiteClock "0:00:09"]
[BlackClock "0:00:27"]
[Board "91"]

1. d4 Nf6 2. Bf4 e6 3. Nd2 d5 4. c3 c5 5. Ngf3 Qb6 6. Qc2 Nc6 7. e3 Be7 8. Ne5 O-O 9. Bd3 h6 10. O-O c4 11. Be2 Nxe5 12. dxe5 Nd7 13. e4 Bg5 14. Bxg5 hxg5 15. exd5 exd5 16. Nf3 Qh6 17. Qf5 g4 18. Nd4 Nf6 19. Qc2 Ne4 20. Bxc4 Ng5 21. Bd3 Qh5 22. Be2 Re8 23. e6 Nxe6 24. Nxe6 Bxe6 25. Bd3 Rac8 26. Qd2 Red8 27. Qf4 Qh6 28. Qxh6 gxh6 29. Rad1 Kg7 30. Bc2 Kf6 31. Bb3 Rc5 32. Rd4 h5 33. f3 Kg5 34. fxg4 hxg4 35. Re1 Rd6 36. Re5+ Kf6 37. Rh5 Rb6 38. Rh6+ Kg7 39. Rh5 a5 40. Rg5+ Kf6 41. Rh5 Ke7 42. Rh7 Kd6 43. Rg7 f5 44. Rg6 Ke5 45. Rd2 Rcc6 46. Re2+ Kf4 47. g3+ Kf3 48. Bd1 Rxb2 49. Re5+ Re2 50. Bxe2# 1-0


[Site "https://www.chess.com"]

[Event "Titled Tuesday Blitz August 22 Late 2023"]
[White "Kula, Robert"]
[Black "chessmateto"]
[WhiteFideId "1101218"]
[WhiteElo "2169"]
[BlackElo "2426"]
[Result "0-1"]
[Round "10"]
[TimeControl "180+1"]
[Date "2023.08.22"]
[WhiteClock "0:00:00"]
[BlackClock "0:00:15"]
[Board "92"]

1. e4 c6 2. d4 d5 3. e5 Bf5 4. g4 Be4 5. f3 Bg6 6. h4 h5 7. e6 Qd6 8. exf7+ Bxf7 9. Ne2 Nd7 10. Bf4 e5 11. dxe5 Nxe5 12. Bg2 O-O-O 13. Qd4 Re8 14. Qxa7 Nxf3+ 15. Kf1 Ne5 16. Nbc3 Nf6 17. g5 Nfg4 18. Rd1 Qc7 19. Bh3 Bd6 20. Nd4 Rhf8 21. Kg2 Bg6 22. Rhf1 Nd7 23. Qa8+ Qb8 24. Qxb8+ Bxb8 25. Bxb8 Ne3+ 26. Kg1 Nxf1 27. Bd6 Ne3 28. Rd2 Nc4 29. Bxf8 Nxd2 30. Bxg7 c5 31. Ndb5 Re1+ 32. Kf2 Rc1 33. Bf6 Rxc2 34. Nd6+ Kc7 35. Ndb5+ Kc6 36. Na7+ Kb6 37. Ncb5 Ne4+ 38. Ke3 Ndxf6 39. gxf6 Nxf6 40. a4 Rxb2 41. Nc8+ Ka5 42. Nbd6 d4+ 43. Kf4 d3 44. Nc4+ Kxa4 45. Nxb2+ Kb3 46. Nd1 Kc2 47. Ne3+ Kc1 48. Nd6 d2 49. Nxb7 Nd5+ 50. Nxd5 d1=Q 51. Ne3 Qa4+ 52. Kg3 Qa7 53. Nd6 Qc7 54. Nc4 Bd3 55. Kf3 Bxc4 56. Nxc4 Qf7+ 57. Ke3 Qxc4 58. Bf5 Qxh4 59. Bd3 Qg3+ 60. Ke4 h4 61. Kd5 h3 62. Kc4 h2 0-1


[Site "https://www.chess.com"]

[Event "Titled Tuesday Blitz August 22 Late 2023"]
[White "Fiorito, Joaquin"]
[Black "Balla, Tamas-Kristof"]
[WhiteFideId "180173"]
[BlackFideId "1208497"]
[WhiteElo "2583"]
[BlackElo "2428"]
[Result "0-1"]
[Round "10"]
[TimeControl "180+1"]
[Date "2023.08.22"]
[WhiteClock "0:01:39"]
[BlackClock "0:01:24"]
[Board "93"]

1. d4 d5 2. c4 e6 3. Nc3 c5 4. cxd5 exd5 5. Nf3 Nc6 6. dxc5 d4 7. Na4 Bxc5 8. Nxc5 Qa5+ 9. Qd2 Qxc5 10. e3 dxe3 11. Qxe3+ Qxe3+ 12. Bxe3 Nf6 13. Bb5 O-O 14. Bxc6 bxc6 15. O-O Nd5 16. Bc5 Re8 17. Nd4 Ba6 18. Rfe1 Nf4 19. Nxc6 Rxe1+ 20. Rxe1 Nd3 21. Nb4 Nxe1 22. Nxa6 Nd3 23. Ba3 Rc8 24. h3 Rc2 25. Bd6 Rxb2 26. a4 Rxf2 27. Bb8 Ra2 0-1


[Site "https://www.chess.com"]

[Event "Titled Tuesday Blitz August 22 Late 2023"]
[White "Martinez Reyes, Pedro Ramon"]
[Black "Battlecruiser_Operational"]
[WhiteFideId "3901807"]
[WhiteElo "2560"]
[BlackElo "2359"]
[Result "1-0"]
[Round "10"]
[TimeControl "180+1"]
[Date "2023.08.22"]
[WhiteClock "0:00:40"]
[BlackClock "0:00:00"]
[Board "94"]

1. d4 d5 2. c4 c6 3. Nf3 Nf6 4. e3 a6 5. c5 Bf5 6. Nc3 e6 7. Na4 Nbd7 8. Bd2 h6 9. Be2 Be7 10. O-O O-O 11. Qe1 Qc7 12. Ba5 Qb8 13. h3 Ne4 14. Nb6 Nxb6 15. Bxb6 f6 16. b4 e5 17. a4 Qc8 18. dxe5 fxe5 19. Nxe5 Bf6 20. f4 Bxe5 21. fxe5 Re8 22. b5 Rxe5 23. bxa6 bxa6 24. Qb4 Bxh3 25. Rf4 Be6 26. Qd4 Rg5 27. Bf3 Ng3 28. Ra2 Qd7 29. Rf2 Re8 30. e4 dxe4 31. Qxd7 Bxd7 32. Be2 e3 33. Bc4+ Be6 34. Rf8+ Kh7 35. Bd3+ g6 36. Rxe8 exf2+ 37. Kxf2 Bf7 38. Re7 Kg8 39. Rc7 Bd5 40. Bxa6 Ne4+ 41. Ke3 Rxg2 42. Bd3 Rg3+ 43. Kd4 Nf2 44. Be2 h5 45. a5 Ra3 46. Ke5 h4 47. Kf6 Ne4+ 48. Kxg6 Kf8 49. Bg4 h3 50. Rc8+ Ke7 51. Rc7+ Ke8 52. Rh7 Rg3 53. Kf5 Rxg4 54. Rh8+ Rg8 55. Rxh3 Nd2 56. a6 Ke7 57. Rh7+ Bf7 58. a7 Nc4 59. Rh1 Na3 60. Ra1 Nb5 61. a8=Q Rxa8 62. Rxa8 Be6+ 63. Ke5 Bd7 64. Rh8 Kf7 65. Rh7+ Ke8 66. Kf6 1-0


[Site "https://www.chess.com"]

[Event "Titled Tuesday Blitz August 22 Late 2023"]
[White "Arnold, Ken"]
[Black "Musovic, Armin"]
[WhiteFideId "2056836"]
[BlackFideId "939935"]
[WhiteElo "2406"]
[BlackElo "2519"]
[Result "1-0"]
[Round "10"]
[TimeControl "180+1"]
[Date "2023.08.22"]
[WhiteClock "0:02:32"]
[BlackClock "0:02:13"]
[Board "95"]

1. d4 d5 2. Nf3 Nf6 3. g3 c5 4. Bg2 Nc6 5. O-O Bg4 6. dxc5 Bxf3 7. Bxf3 e6 8. c4 Bxc5 9. Bg5 h6 10. Bxf6 Qxf6 11. cxd5 Nd4 12. Nc3 O-O 13. Kg2 exd5 14. e3 Nxf3 15. Qxf3 Qxf3+ 16. Kxf3 Bd4 17. exd4 g5 18. Nxd5 g4+ 1-0


[Site "https://www.chess.com"]

[Event "Titled Tuesday Blitz August 22 Late 2023"]
[White "Ismayil, Malak"]
[Black "Figorito, Nick"]
[WhiteFideId "13412604"]
[BlackFideId "30923689"]
[WhiteElo "2487"]
[BlackElo "2348"]
[Result "1/2-1/2"]
[Round "10"]
[TimeControl "180+1"]
[Date "2023.08.22"]
[WhiteClock "0:00:35"]
[BlackClock "0:00:09"]
[Board "96"]

1. e4 e6 2. d4 d5 3. Nd2 Nf6 4. e5 Nfd7 5. Bd3 c5 6. c3 Nc6 7. Ne2 cxd4 8. cxd4 f6 9. exf6 Nxf6 10. Nf3 Bd6 11. O-O Qc7 12. Bg5 O-O 13. Rc1 Bd7 14. Bb1 Qb6 15. h3 Qxb2 16. Qd3 Ne4 17. Nc3 Nb4 18. Qe3 Nxc3 19. Rxc3 Rac8 20. Rb3 Nc2 21. Rxb2 Nxe3 22. Bxe3 b6 23. Bd3 Rc3 24. Rd1 Ba4 25. Rdd2 Rc1+ 26. Bf1 Rfc8 27. Re2 Ra1 28. Ne5 a6 29. f4 Bb5 30. Rf2 Ba3 31. Rb3 Bc1 32. Bxc1 Rcxc1 33. Rbf3 Rd1 34. g3 Rxd4 35. Kg2 Bxf1+ 36. Rxf1 Rd2+ 37. R1f2 Raxa2 38. Rxd2 Rxd2+ 39. Rf2 Rxf2+ 40. Kxf2 a5 41. Ke3 a4 42. Nd3 b5 43. Nb4 Kf7 44. Kd4 Kf6 45. g4 h5 46. Nc2 hxg4 47. hxg4 g5 48. Ke3 gxf4+ 49. Kxf4 e5+ 50. Kf3 d4 51. Ke4 Kg5 52. Nb4 Kxg4 53. Kxe5 d3 54. Nxd3 a3 55. Nb4 Kf3 56. Kd4 Ke2 57. Kc5 Kd2 58. Kxb5 Kc3 59. Ka4 Kb2 60. Kb5 Kb3 61. Ka5 a2 62. Nxa2 1/2-1/2


[Site "https://www.chess.com"]

[Event "Titled Tuesday Blitz August 22 Late 2023"]
[White "Harish, Neeraj"]
[Black "Reprintsev, Alexander"]
[WhiteFideId "30958130"]
[BlackFideId "14100541"]
[WhiteElo "2335"]
[BlackElo "2476"]
[Result "1-0"]
[Round "10"]
[TimeControl "180+1"]
[Date "2023.08.22"]
[WhiteClock "0:00:43"]
[BlackClock "0:00:00"]
[Board "97"]

1. e4 d5 2. exd5 Qxd5 3. Nc3 Qd6 4. d4 c6 5. Nf3 Bf5 6. g3 e6 7. Bf4 Qb4 8. Rb1 Nf6 9. Bg2 Nbd7 10. O-O Be7 11. a3 Qa5 12. Nh4 Bg4 13. f3 Bh5 14. g4 g5 15. b4 Qxa3 16. Rb3 Qa6 17. Bxg5 Bg6 18. f4 Rg8 19. b5 cxb5 20. Nxb5 Rc8 21. Bxb7 Qxb7 22. Nd6+ Bxd6 23. Rxb7 Bxc2 24. Qe2 h6 25. Bxf6 Nxf6 26. f5 Rxg4+ 27. Ng2 Be4 28. fxe6 Bxb7 29. exf7+ Kxf7 30. Qxg4 Rg8 31. Rxf6+ Kxf6 32. Qxg8 1-0


[Site "https://www.chess.com"]

[Event "Titled Tuesday Blitz August 22 Late 2023"]
[White "Stanisz, Patryk"]
[Black "Eggleston, Thomas A"]
[WhiteFideId "1123106"]
[BlackFideId "412139"]
[WhiteElo "2331"]
[BlackElo "2435"]
[Result "1-0"]
[Round "10"]
[TimeControl "180+1"]
[Date "2023.08.22"]
[WhiteClock "0:00:03"]
[BlackClock "0:00:00"]
[Board "98"]

1. d4 Nf6 2. c4 c5 3. Nf3 cxd4 4. Nxd4 e5 5. Nb5 d5 6. cxd5 Bc5 7. N5c3 e4 8. e3 O-O 9. Be2 Re8 10. Nd2 Na6 11. Nb3 Bd6 12. g3 Bh3 13. Bf1 Bg4 14. Be2 Bxe2 15. Qxe2 Nb4 16. O-O Rc8 17. Bd2 Nd3 18. Nxe4 Nxb2 19. Ba5 b6 20. Nxd6 Qxd6 21. Qxb2 bxa5 22. Rfd1 Qb6 23. Qd4 Qb5 24. Rac1 Rcd8 25. Rc5 Qe2 26. Nc1 Qf3 27. Rd2 Ne4 28. Rdc2 Nxc5 29. Rxc5 Rc8 30. Nb3 Rxc5 31. Nxc5 Rb8 32. Nb3 a4 33. Qxa4 Qxd5 34. Qxa7 Ra8 35. Qd4 Qxd4 36. Nxd4 Rxa2 37. Kg2 g6 38. h4 h5 39. Kf3 Kg7 40. Ne2 Kf6 41. Nd4 Ke5 42. Ne2 Ra1 43. Nd4 f6 44. Nc6+ Kd5 45. Nd4 Ke5 46. Nc6+ Kd6 47. Nd4 Ra5 48. Ne2 Kd5 49. Nf4+ Kc4 50. Nxg6 Kd3 51. Nf4+ Kd2 52. g4 hxg4+ 53. Kxg4 Ke1 54. f3 Kf2 55. e4 Ke3 56. Nd5+ Kf2 57. h5 Ra3 58. h6 1-0


[Site "https://www.chess.com"]

[Event "Titled Tuesday Blitz August 22 Late 2023"]
[White "Castillo Pena, Patricia Evarista"]
[Black "Sernecki, Franciszek"]
[WhiteFideId "6412106"]
[BlackFideId "1169297"]
[WhiteElo "1969"]
[BlackElo "2429"]
[Result "0-1"]
[Round "10"]
[TimeControl "180+1"]
[Date "2023.08.22"]
[WhiteClock "0:00:00"]
[BlackClock "0:00:02"]
[Board "99"]

1. d4 d5 2. Nf3 Nf6 3. e3 Bg4 4. c4 e6 5. Qb3 Qc8 6. Ne5 Bh5 7. Nc3 Nbd7 8. f4 c6 9. Bd2 Be7 10. Rc1 O-O 11. cxd5 exd5 12. Bd3 Nb6 13. Qc2 Kh8 14. O-O Bg4 15. Nxg4 Qxg4 16. Bf5 Qh5 17. Rf3 g6 18. Bd3 Rae8 19. Rh3 Qg4 20. Rf1 Bd6 21. Be2 Qd7 22. b3 Ne4 23. Nxe4 Rxe4 24. Bd3 f5 25. Bxe4 dxe4 26. d5 Nxd5 27. Qb2+ Qg7 28. Qc2 Rd8 29. Bc1 Be7 30. Rd1 Bf6 31. Qc4 Rd7 32. Rg3 Qf7 33. Qc2 Bg7 34. h4 Nb4 35. Rxd7 Qxd7 36. Qc4 Nd3 37. Ba3 b5 38. Qc2 b4 39. Bc1 Bc3 40. h5 Qf7 41. hxg6 hxg6 42. a4 a5 0-1


[Site "https://www.chess.com"]

[Event "Titled Tuesday Blitz August 22 Late 2023"]
[White "KSho99"]
[Black "Hilby, Craig"]
[BlackFideId "2062674"]
[WhiteElo "2235"]
[BlackElo "2653"]
[Result "0-1"]
[Round "10"]
[TimeControl "180+1"]
[Date "2023.08.22"]
[WhiteClock "0:00:55"]
[BlackClock "0:02:38"]
[Board "100"]

1. Nf3 Nf6 2. g3 b5 3. Bg2 Bb7 4. O-O e6 5. d3 c5 6. a4 b4 7. e4 d6 8. e5 dxe5 9. Nxe5 Bxg2 10. Kxg2 Bd6 11. Qf3 Nbd7 12. Nc6 Qc7 13. Nd2 Rc8 0-1


[Site "https://www.chess.com"]

[Event "Titled Tuesday Blitz August 22 Late 2023"]
[White "Hercegovac, Neven"]
[Black "reevecanada"]
[WhiteFideId "2839135"]
[WhiteElo "2301"]
[BlackElo "2505"]
[Result "0-1"]
[Round "10"]
[TimeControl "180+1"]
[Date "2023.08.22"]
[WhiteClock "0:00:29"]
[BlackClock "0:00:17"]
[Board "101"]

1. d4 d5 2. Bf4 Nf6 3. e3 e6 4. Nf3 Bd6 5. Ne5 O-O 6. Nd2 c5 7. c3 c4 8. h4 Qc7 9. h5 Nbd7 10. h6 Nxe5 11. dxe5 Bxe5 12. hxg7 Re8 13. Bxe5 Qxe5 14. Nf3 Qf5 15. Qd4 e5 16. Qh4 Qg6 17. Be2 Bg4 18. O-O-O Rad8 19. Rd2 b5 20. Bd1 a5 21. Bc2 Qxg7 22. Ng5 e4 23. f3 Bf5 24. g4 Bg6 25. f4 h6 26. Nh3 b4 27. Rg1 bxc3 28. bxc3 Nd7 29. f5 Qxc3 30. fxg6 Ne5 31. Qxh6 fxg6 32. Ng5 Rd7 33. Rh1 Nd3+ 34. Rxd3 cxd3 35. Qxg6+ Kf8 36. Qf5+ Kg8 37. Qg6+ Kf8 38. Rf1+ Ke7 39. Rf7+ Kd8 40. Rxd7+ Kxd7 41. Qf7+ Kd6 42. Qf5 Qxc2# 0-1


[Site "https://www.chess.com"]

[Event "Titled Tuesday Blitz August 22 Late 2023"]
[White "matenitian"]
[Black "Zampronha, Wladimir Camilo"]
[BlackFideId "2103087"]
[WhiteElo "2500"]
[BlackElo "2296"]
[Result "0-1"]
[Round "10"]
[TimeControl "180+1"]
[Date "2023.08.22"]
[WhiteClock "0:00:00"]
[BlackClock "0:00:08"]
[Board "102"]

1. e4 c5 2. Nc3 Nc6 3. Bb5 Nd4 4. Bc4 e6 5. Nf3 Ne7 6. d3 d5 7. Bb3 Nxb3 8. axb3 Nc6 9. O-O Be7 10. Bf4 O-O 11. h3 Bd6 12. Bg5 f6 13. Bd2 d4 14. Ne2 Qc7 15. Ne1 Bd7 16. f4 a6 17. Nf3 Rae8 18. Qe1 Kh8 19. Qh4 Be7 20. Qh5 Rd8 21. f5 Be8 22. Qh4 exf5 23. exf5 Bd6 24. b4 Nxb4 25. Bxb4 cxb4 26. Nexd4 Bc5 27. c3 bxc3 28. bxc3 Bf7 29. Kh1 Rfe8 30. Rac1 Qd7 31. Qg4 Qd5 32. Rfe1 b5 33. Qf4 b4 34. c4 Qd7 35. Rxe8+ Rxe8 36. Rd1 Bxd4 37. Nxd4 a5 38. Nb5 a4 39. Nd6 Rf8 40. Nxf7+ Qxf7 41. Qd6 b3 42. Qb4 Ra8 43. Ra1 Qd7 44. Qxb3 h6 0-1


[Site "https://www.chess.com"]

[Event "Titled Tuesday Blitz August 22 Late 2023"]
[White "Chemin, Justo Reinaldo"]
[Black "ArchibaldCerveza29"]
[WhiteFideId "2101580"]
[WhiteElo "2282"]
[BlackElo "2438"]
[Result "1-0"]
[Round "10"]
[TimeControl "180+1"]
[Date "2023.08.22"]
[WhiteClock "0:00:24"]
[BlackClock "0:00:06"]
[Board "103"]

1. e4 c5 2. Nf3 d6 3. d4 cxd4 4. Nxd4 Nf6 5. Nc3 Nc6 6. Be3 Ng4 7. Qd2 Nxe3 8. Qxe3 g6 9. O-O-O Bg7 10. Nb3 O-O 11. h4 Be6 12. h5 a5 13. hxg6 hxg6 14. a4 Nb4 15. Kb1 Bxb3 16. cxb3 Qc8 17. Bc4 Qg4 18. g3 Rfc8 19. Rh4 Qd7 20. Rdh1 Rxc4 21. bxc4 Rc8 22. b3 Qe6 23. Rh7 Qe5 24. Rxg7+ Qxg7 25. f4 Rc5 26. e5 Rc6 27. Nd5 Nxd5 28. cxd5 Rb6 29. exd6 Rxd6 30. Qxe7 Qf6 31. Qe8+ 1-0


[Site "https://www.chess.com"]

[Event "Titled Tuesday Blitz August 22 Late 2023"]
[White "Carroll, Thomas"]
[Black "Vaglio Munoz, Jaime"]
[WhiteFideId "450111"]
[BlackFideId "6500145"]
[WhiteElo "2407"]
[BlackElo "2286"]
[Result "1-0"]
[Round "10"]
[TimeControl "180+1"]
[Date "2023.08.22"]
[WhiteClock "0:00:33"]
[BlackClock "0:01:02"]
[Board "104"]

1. c4 c6 2. d4 b5 3. cxb5 cxb5 4. e4 Bb7 5. Bd3 Nf6 6. Qe2 Nc6 7. Nf3 Nb4 8. e5 Nxd3+ 9. Qxd3 Nd5 10. Nc3 a6 11. O-O Nxc3 12. bxc3 e6 13. a4 Bc6 14. Ba3 Bxa3 15. Rxa3 O-O 16. Rfa1 Rb8 17. axb5 axb5 18. h4 h6 19. Nd2 Qxh4 20. Nb3 b4 21. cxb4 Rxb4 22. Rd1 Rfb8 23. Nc5 Qg4 24. f3 Qg3 25. Ne4 Bxe4 26. fxe4 Qg4 27. Qf3 Qg5 28. Rf1 Rxd4 29. Qxf7+ Kh7 30. Rff3 Rb2 31. Rg3 Rd1+ 32. Kh2 Qxe5 33. Qg6+ Kg8 34. Ra8+ Rb8 35. Rxb8+ Qxb8 36. Qxg7# 1-0


[Site "https://www.chess.com"]